 Dungeon Crawl Stone Soup version 0.29-a0-998-g1987434951 (webtiles) character file.

Game seed: 14616355727150134646

9913 quixfox the Geomancer (level 11, 0/67 HPs)
             Began as a Gargoyle Earth Elementalist on Aug 5, 2022.
             Was a Priest of Vehumet.
             Slain by a blink frog (12 damage)
             ... on level 1 of the Lair of Beasts.
             The game lasted 00:43:06 (10103 turns).

quixfox the Geomancer (GrEE)                       Turns: 10103, Time: 00:43:07

Health: 0/67       AC: 13    Str: 20    XL:     11   Next: 53%
Magic:  23/23      EV: 21    Int: 21    God:    Vehumet [***...]
Gold:   417        SH:  0    Dex: 10    Spells: 17/26 levels left

rFire   + . .      SeeInvis +   w - +7 war axe of Faosu {pain, rF+ rC+ Str+4 SInv}
rCold   + . .      Faith    .   (no shield)
rNeg    + . .      Spirit   .   l - +1 robe of Eternal Vigilance {Str+5 Archmagi}
rPois   ∞          Reflect  .   (no helmet)
rElec   +          Harm     .   x - +1 cloak
rCorr   .          Rampage  .   (no gloves)
Will    .....      Archmagi +   (no boots)
Stlth   ++........              u - amulet of magic regeneration
HPRegen 0.21/turn               d - +4 ring of evasion
MPRegen 0.58/turn               r - +4 ring of evasion

@: no status effects
A: sickness immunity, AC +8, negative energy resistance 1, electricity
resistance, torment resistance 1, petrification resistance
a: Renounce Religion


You were on level 1 of the Lair of Beasts.
You worshipped Vehumet.
Vehumet was most pleased with you.
You visited 3 branches of the dungeon, and saw 13 of its levels.
You also visited: Ossuary.

You collected 597 gold pieces.
You spent 180 gold pieces at shops.

Inventory:

Hand Weapons
 w - the +7 war axe of Faosu (weapon) {pain, rF+ rC+ Str+4 SInv}
   (You found it on level 8 of the Dungeon)

   In the hands of one skilled in necromantic magic, it inflicts extra damage on
   living creatures.
   Str:       It affects your strength (+4).
   rF:        It protects you from fire.
   rC:        It protects you from cold.
   SInv:      It lets you see invisible.
Armour
 l - the +1 robe of Eternal Vigilance (worn) {Str+5 Archmagi}
   (You found it on level 2 of the Dungeon)

   Str:       It affects your strength (+5).
   Archmagi:  It increases the power of your magical spells.
 x - a +1 cloak (worn)
Jewellery
 d - a +4 ring of evasion (left hand)
 e - a ring of fire
 r - a +4 ring of evasion (right hand)
 u - an amulet of magic regeneration (around neck)
 y - a ring of resist corrosion
 A - a ring of see invisible
Wands
 k - a wand of iceblast (2)
 n - a wand of flame (11)
 t - a wand of acid (4)
 z - a wand of paralysis (4)
Scrolls
 a - 2 scrolls of amnesia
 o - 6 scrolls of identify
 s - a scroll of enchant armour
 v - a scroll of fear
 C - a scroll of magic mapping
Potions
 b - 2 potions of magic
 c - a potion of resistance
 f - 2 potions of curing
 g - 3 potions of mutation
 i - 7 potions of flight
 j - a potion of invisibility
 p - 4 potions of might
 q - 4 potions of haste
Miscellaneous
 B - a box of beasts


   Skills:
 + Level 7.4 Fighting
 - Level 5.1 Dodging
 - Level 2.1 Stealth
 + Level 8.1 Spellcasting
 + Level 9.1 Conjurations
 - Level 0.7 Transmutations
 + Level 2.6 Fire Magic
 + Level 10.8 Earth Magic
 + Level 3.1 Evocations


You had 17 spell levels left.
You knew the following spells:

 Your Spells              Type           Power      Damage    Failure   Level
a - Sandblast             Erth           100%       2d20      1%          1
b - Passwall              Tmut/Erth      40%        N/A       1%          2
c - Stone Arrow           Conj/Erth      100%       3d13      1%          3
d - Inner Flame           Hex/Fire       21%        N/A       4%          3

Your spell library contained the following spells:

 Spells                   Type           Power      Damage    Failure   Level
 Airstrike                Air            6%         2d(1-17)  21%         4
 Petrify                  Tmut/Erth      49%        N/A       7%          4
 Slow                     Hex            48%        N/A       8%          1
 Wereblood                Tmut           17%        N/A       9%          2
 Blink                    Tloc           24%        N/A       12%         2
 Confusing Touch          Hex            12%        N/A       24%         3
 Vampiric Draining        Necr           12%        2d6       24%         3
 Manifold Assault         Tloc           12%        N/A       91%         5
 Haunt                    Necr/Summ      6%         N/A       100%        7
 Monstrous Menagerie      Summ           6%         N/A       100%        7
 Storm Form               Tmut/Air       7%         N/A       100%        7
 Summon Hydra             Summ           6%         N/A       100%        7
 Sublimation of Blood     Necr           Unusable   N/A       N/A         2

Dungeon Overview and Level Annotations

Branches:
Dungeon (11/15)            Temple (1/1) D:6            Lair (1/5) D:8
    Orc (0/2) D:10        Ossuary (visited)

Altars:
Cheibriados
Fedhas
Hepliaklqana
Nemelex Xobeh
Okawaru
Ru
Vehumet
Wu Jian
Xom
Yredelemnul
Zin
The Shining One

Shops:
D:1 !   D:2 (   D:7 *   D:8 (

Portals:
Trove: D:11 (give 5 scrolls of blinking)


Innate Abilities, Weirdness & Mutations

You are immune to sickness and miasma.
Your stone body is resilient. (AC +8)
You are immune to poison.
You resist negative energy. (rN+)
You are resistant to electric shocks. (rElec)
You are resistant to unholy torment.
You are immune to petrification.


Message History

You feel a surge of power!
The blast of sand hits the blink frog!
The blink frog is almost dead.
The blink frog croaks.
The blink frog hits you but does no damage.
The blink frog hits you. The blink frog barely misses you.
The blink frog blinks!
The blink frog misses you.
The blink frog hits you but does no damage.
Aiming: Sandblast (safe; 1% risk of failure)
Press: ? - help, Q - select action, (/) - cycle Shift-Dir - straight line, f/p - blink frog
Aim: a blink frog (almost dead, 74% to hit)
You feel a surge of power!
The blast of sand hits the blink frog!!
You kill the blink frog!
Vehumet accepts your kill. The blink frog hits you! The blink frog misses you.
A blink frog comes into view.
The blink frog hits you. The blink frog closely misses you. x2
The blink frog completely misses you.
Aiming: Sandblast (safe; 1% risk of failure)
Press: ? - help, Q - select action, (/) - cycle Shift-Dir - straight line, f - blink frog
Aim: a blink frog (74% to hit)
You feel a surge of power!
The blast of sand hits the blink frog!
The blink frog is heavily wounded.
The blink frog hits you! x2
* * * LOW HITPOINT WARNING * * *
The blink frog blinks!
The blink frog closely misses you.
The blink frog blinks!
The blink frog completely misses you.
The blink frog blinks!
The blink frog hits you but does no damage.
Aiming: Sandblast (safe; 1% risk of failure)
Press: ? - help, Q - select action, (/) - cycle Shift-Dir - straight line, f/p - blink frog
Aim: a blink frog (heavily wounded, 74% to hit)
You feel a surge of power!
The blast of sand hits the blink frog!
The blink frog is almost dead.
The blink frog misses you.
The blink frog blinks!
The blink frog hits you.
* * * LOW HITPOINT WARNING * * *
The blink frog blinks! x3; The blink frog hits you.
* * * LOW HITPOINT WARNING * * *
The blink frog blinks!
The blink frog barely misses you. The blink frog closely misses you.
The blink frog hits you!
You die...

# ## ##.
##.## ....
.§.# .....
..#
#...#.##
#...F@§#
#....FF.#
#.....F.#
#.........#
#.#.##§.#>#
# ## ##....
P...##
#.#.#


You could see 4 blink frogs.

Vanquished Creatures
  A manticore (D:9)
  Joseph (D:7)
  2 komodo dragons (D:8)
  3 trolls
  A blink frog (Lair:1)
  2 hornets
  A vampire (D:10)
  A shadow (D:9)
  3 wyverns
  A basilisk (D:8)
  2 steam dragons
  3 vampire mosquitoes (D:11)
  A water moccasin (D:4)
  A swamp drake (D:8)
  7 orc warriors
  A sky beast (D:6)
  2 black bears
  3 ice beasts
  An ogre (D:6)
  5 centaurs
  A kobold brigand (D:6)
  5 bullfrogs
  An elf zombie (Ossuary)
  3 necrophages
  A gnoll sergeant (D:9)
  A scorpion (D:7)
  19 wights
  19 killer bees
  A vampire bat (D:7)
  7 howler monkeys
  2 jellies
  A hound (D:6)
  2 centaur zombies (Ossuary)
  2 human zombies (Ossuary)
  An orc priest (D:10)
  3 iguanas
  Terence (D:2)
  16 orc wizards
  4 hound zombies (Ossuary)
  3 mummies (Ossuary)
  5 gnolls
  10 adders
  A river rat (D:5)
  A shadow imp (D:8)
  2 white imps
  2 ufetubi
  3 adder zombies (Ossuary)
  2 dart slugs
  32 orcs
  11 endoplasms
  A giant cockroach (D:1)
  2 gnoll zombies (Ossuary)
  3 goblins
  9 hobgoblins
  5 jackals
  2 quokkas
  4 ball pythons
  13 bats
  5 frilled lizards
  5 goblin zombies (Ossuary)
  2 hobgoblin zombies (Ossuary)
  4 jackal zombies (Ossuary)
  16 kobolds
  3 kobold zombies (Ossuary)
  An orc zombie (Ossuary)
  4 quokka zombies (Ossuary)
  11 rats
  A rat zombie (Ossuary)
295 creatures vanquished.

Vanquished Creatures (others)
  9 plants
9 creatures vanquished.

Grand Total: 304 creatures vanquished

Notes
Turn   | Place    | Note
-------+----------+-------------------------------------------
     0 | D:1      | quixfox the Gargoyle Earth Elementalist began the quest for
                  | the Orb.
     0 | D:1      | Reached XP level 1. HP: 10/10 MP: 3/3
   267 | D:1      | Reached XP level 2. HP: 15/15 MP: 3/5
   269 | D:1      | Reached skill level 4 in Earth Magic
   574 | D:1      | Found Yjaffa's Distillery.
   992 | D:1      | Reached XP level 3. HP: 14/19 MP: 0/6
   995 | D:1      | Learned a level 2 spell: Passwall
   999 | D:1      | Learned a level 3 spell: Stone Arrow
  1303 | D:2      | Reached skill level 1 in Conjurations
  1384 | D:2      | Found Qetucico's Antique Weapon Shoppe.
  1419 | D:2      | Reached XP level 4. HP: 23/24 MP: 5/8
  1516 | D:2      | Identified the +1 robe of Eternal Vigilance {Str+5
                  | Archmagi}
  1808 | D:2      | Noticed Terence
  1812 | D:2      | Killed Terence
  1814 | D:2      | Reached skill level 5 in Earth Magic
  2206 | D:3      | Reached XP level 5. HP: 28/28 MP: 7/9
  2344 | D:3      | Found a sacrificial altar of Ru.
  2354 | D:3      | Found an iron altar of Okawaru.
  3255 | D:4      | Found a basalt altar of Yredelemnul.
  3257 | D:4      | Found a shimmering altar of Xom.
  3879 | D:5      | Entered Level 5 of the Dungeon
  3879 | D:5      | Noticed a water moccasin
  3886 | D:4      | Killed a water moccasin
  3887 | D:4      | Reached XP level 6. HP: 22/32 MP: 11/11
  3993 | D:4      | Reached skill level 6 in Earth Magic
  3999 | D:4      | Reached XP level 7. HP: 21/36 MP: 13/13
  4172 | D:5      | Found a sand-covered staircase.
  4180 | Ossuary  | Entered an ossuary
  4229 | Ossuary  | Reached skill level 7 in Earth Magic
  4314 | Ossuary  | Reached skill level 5 in Spellcasting
  4322 | Ossuary  | Reached XP level 8. HP: 37/42 MP: 15/15
  4383 | Ossuary  | Reached skill level 1 in Fighting
  4447 | Ossuary  | Reached skill level 5 in Conjurations
  4724 | D:5      | Found a snail-covered altar of Cheibriados.
  4883 | D:6      | Found a staircase to the Ecumenical Temple.
  5114 | Temple   | Entered the Ecumenical Temple
  5121 | Temple   | Became a worshipper of Vehumet
  5291 | D:6      | Reached skill level 8 in Earth Magic
  5291 | D:6      | Reached XP level 9. HP: 50/50 MP: 17/17
  5695 | D:7      | Noticed a hornet
  5710 | D:7      | Killed a hornet
  5944 | D:7      | Noticed Joseph
  6121 | D:7      | Reached * piety under Vehumet
  6121 | D:7      | Offered knowledge of Shock by Vehumet.
  6187 | D:7      | Killed Joseph
  6188 | D:7      | Reached skill level 9 in Earth Magic
  6233 | D:7      | Reached skill level 5 in Fighting
  6328 | D:7      | Reached XP level 10. HP: 53/59 MP: 20/20
  6850 | D:7      | Found Ysisch's General Store.
  6858 | D:7      | Bought a ring of see invisible for 180 gold pieces
  6986 | D:8      | Identified the +7 war axe of Faosu {pain, rF+ rC+ Str+4
                  | SInv}
  7281 | D:8      | Found Battuugo's Antique Weapon Shop.
  7318 | D:8      | Got the Writings on the Swarm
  7380 | D:8      | Reached ** piety under Vehumet
  7578 | D:8      | Found a staircase to the Lair.
  7677 | D:8      | Offered knowledge of Static Discharge by Vehumet.
  7861 | D:8      | Found a glowing golden altar of the Shining One.
  7864 | D:8      | Found an ornate altar of the Wu Jian Council.
  7868 | D:8      | Found a sparkling altar of Nemelex Xobeh.
  7962 | D:9      | Reached skill level 5 in Dodging
  8008 | D:9      | Reached skill level 10 in Earth Magic
  8323 | D:9      | Reached skill level 1 in Evocations
  8403 | D:9      | Reached XP level 11. HP: 58/66 MP: 22/22
  8537 | D:9      | Offered knowledge of Inner Flame by Vehumet.
  8543 | D:9      | Learned a level 3 spell: Inner Flame
  8619 | D:9      | Reached *** piety under Vehumet
  8627 | D:9      | Reached skill level 1 in Fire Magic
  8654 | D:9      | Noticed a manticore
  8659 | D:9      | Killed a manticore
  8778 | D:10     | Entered Level 10 of the Dungeon
  8962 | D:10     | You fall into a shaft and drop 1 floor!
  8962 | D:11     | Found a portal to a secret trove of treasure.
  9004 | D:11     | Offered knowledge of Airstrike by Vehumet.
  9249 | D:10     | Found a staircase to the Orcish Mines.
  9565 | D:10     | Noticed a two-headed ogre
  9580 | D:10     | Noticed a centaur warrior
  9588 | D:10     | HP: 3/67 [centaur warrior/arrow (13)]
  9594 | D:10     | HP: 2/67 [centaur warrior/arrow (19)]
  9953 | Lair:1   | Entered Level 1 of the Lair of Beasts
 10103 | Lair:1   | Slain by a blink frog

Illustrated notes

Levels and vault maps discovered:
D:1:      minmay_arrival_doors, layout_loops_ring, serial_glass,
          glass_columns_a, glass_columns_b, serial_shops, shop,
          shapermc_ecumenical_altar_petra
D:2:      layout_loops_ring, serial_shops, nicolae_diamond_shop,
          glass_columns_a, grunt_ministairs_13, minmay_strange_pillars,
          corexii_shack, uniq_terence
D:3:      layout_basic, mainiacjoe_overflow_swirl
D:4:      layout_basic, mainiacjoe_overflow_catwalk_spiral
D:5:      layout_basic, nicolae_overflow_crystal_walls,
          cheibrodos_sewer_entry_sluice, enter_ossuary_1
D:6:      layout_loops_ring, minmay_temple_entry_junction_2
D:7:      layout_basic, enter_bailey_7, serial_shops, shop, serial_curves,
          eino_curves_04, eino_curves_01, roderic_batcave, uniq_joseph
D:8:      layout_loops_ring, grunt_temple_overflow_diamond, erik_lair_dragon,
          serial_shops, shop_statue, minmay_checkerbox
D:9:      layout_loops_ring
D:10:     nzn_winding_woodlands_three_and_one
          [nzn_winding_woodlands_5x15_garden,
          nzn_winding_woodlands_5x15_default,
          nzn_winding_woodlands_5x15_pathside_ponds,
          nzn_winding_woodlands_center_pierced_h], layout_irregular_city,
          orc_david_3
D:11:     old_forge, layout_long_grid, enter_trove_0,
          ebering_ghost_disaster_area, minivault_12
Temple:   nicolae_temple_bog_church
Lair:1:   layout_loops_ring

Skill      XL: |  1  2  3  4  5  6  7  8  9 10 11 |
---------------+----------------------------------+-----
Earth Magic    | 4 5 6 7 8 9 10 | 10.8
Conjurations   | 1 3 4 5 7 8 9 |  9.1
Spellcasting   | 3 4 5 6 7 8 |  8.1
Fighting       | 3 5 6 7 |  7.4
Dodging        | 3 4 5 |  5.1
Evocations     | 1 3 |  3.1
Fire Magic     | 2 |  2.6
Stealth        | |  2.1
Transmutations | |  0.7

Action                   |  1- 3 |  4- 6 |  7- 9 | 10-12 || total
-------------------------+-------+-------+-------+-------++-------
Melee: Unarmed           |     2 |       |       |       ||     2
       War axe           |       |       |       |     1 ||     1
 Cast: Sandblast         |    48 |    77 |   166 |   234 ||   525
Evoke: Wand              |       |       |     6 |     4 ||    10
  Use: Scroll            |       |       |    15 |     5 ||    20
       Potion            |       |       |     3 |     5 ||     8
Armor: Robe              |     9 |    13 |    26 |    50 ||    98
Dodge: Dodged            |    22 |    51 |    92 |   265 ||   430

Table legend: (Time is in decaauts)
 A = Elapsed time spent in this place.
 B = Non-inter-level travel time spent in this place.
 C = Inter-level travel time spent in this place.
 D = Time resting spent in this place.
 E = Time spent auto-exploring this place.
 F = Levels seen in this place.
 G = Mean time per level.
                   A        B        C        D        E       F      G
               +--------+--------+--------+--------+--------+-----+--------+
         Total |  10634 |  10342 |    292 |   1421 |   3793 |  14 |  759.6 |
       Dungeon |  10223 |   9931 |    292 |   1381 |   3793 |  11 |  929.4 |
        Temple |     14 |     14 |      0 |      0 |      0 |   1 |   14.0 |
          Lair |     17 |     17 |      0 |      0 |      0 |   1 |   17.0 |
       Ossuary |    378 |    378 |      0 |     40 |      0 |   1 |  378.0 |
               +--------+--------+--------+--------+--------+-----+--------+

Top non-repeatable levels by time:
     D:8: 1436 daAuts
     D:7: 1313 daAuts
     D:1: 1187 daAuts
    D:10: 1102 daAuts
     D:3: 1057 daAuts
     D:2: 1020 daAuts
     D:4: 867 daAuts
     D:6: 726 daAuts
     D:5: 725 daAuts
     D:9: 722 daAuts
 Ossuary: 378 daAuts
    D:11: 63 daAuts
  Lair:1: 17 daAuts
  Temple: 14 daAuts
